 Dungeon Crawl Stone Soup version 0.21-a0-221-gfe971b9 (webtiles) character file.

8869 Gorglomux the Cleaver (level 11, -8/98 (99) HPs)
             Began as a Hill Orc Earth Elementalist on Aug 25, 2017.
             Was an Elder of Okawaru.
             Mangled by a two-headed ogre
             ... wielding a +0 giant club
              (19 damage)
             ... on level 10 of the Dungeon.
             The game lasted 00:21:02 (9971 turns).

Gorglomux the Cleaver (Hill Orc Earth Elementalist) Turns: 9971, Time: 00:21:03

HP:   -8/98 (99)    AC: 12    Str: 15    XL:     11   Next: 37%
MP:   13/13         EV:  7    Int: 19    God:    Okawaru [****..]
Gold: 325           SH:  0    Dex: 11    Spells: 12/13 levels left

rFire    + . .     SeeInvis +   W - +0 hand axe (elec)
rCold    x . .     Gourm    .   (no shield)
rNeg     . . .     Faith    .   B - +0 chain mail
rPois    .         Spirit   .   (no helmet)
rElec    .         Reflect  .   (no cloak)
rCorr    .         Harm     .   (no gloves)
MR       +....                  (no boots)
Stlth    ..........             r - amulet of regeneration
HPRegen  0.66/turn              s - ring of see invisible
MPRegen  0.13/turn              H - ring of Immorality {Fire MR+ Int+4 Slay+3}

@: about to teleport
A: no striking features
a: Heroism, Renounce Religion


You were on level 10 of the Dungeon.
You worshipped Okawaru.
Okawaru was greatly pleased with you.
You were not hungry.

You visited 2 branches of the dungeon, and saw 11 of its levels.

You collected 325 gold pieces.

Inventory:

Hand Weapons
 b - a +2 dagger of electrocution
 W - a +0 hand axe of electrocution (weapon)
Missiles
 Z - 2 throwing nets (quivered)
Armour
 B - a +0 chain mail (worn)
Jewellery
 r - an amulet of regeneration (around neck)
 s - a ring of see invisible (left hand)
 H - the ring of Immorality (right hand) {Fire MR+ Int+4 Slay+3}
   (You found it on level 7 of the Dungeon)

   [ring of fire]

   It enhances your fire magic.
   It affects your intelligence (+4).
   It affects your accuracy and damage with ranged weapons and melee attacks
   (+3).
   It protects you from fire.
   It makes you vulnerable to cold.
   It affects your resistance to hostile enchantments.
Wands
 D - a wand of digging (12/24)
 I - a wand of iceblast (2/15)
 S - a wand of scattershot (4/9)
Scrolls
 w - a scroll of noise {unknown}
 C - 6 scrolls of remove curse
 G - a scroll of blinking {unknown}
 J - a scroll of random uselessness {unknown}
 M - 2 scrolls of magic mapping
 N - a scroll of immolation {unknown}
 R - a scroll of identify
 T - 5 scrolls of teleportation
 U - a scroll of amnesia {unknown}
 X - a scroll of recharging {unknown}
 Y - a scroll of enchant weapon {unknown}
Potions
 i - a potion of agility
 u - a potion of degeneration
 F - a potion of ambrosia
 K - a potion of lignification
 L - a potion of brilliance
 P - 3 potions of haste
 Q - 3 potions of curing
Books
 e - a book of Geomancy

   Spells                             Type                      Level
   a - Sandblast                      Earth                        1
   b - Passwall                       Transmutation/Earth          2
   c - Stone Arrow                    Conjuration/Earth            3
   d - Petrify                        Transmutation/Earth          4
   e - Lee's Rapid Deconstruction     Earth                        5
Comestibles
 d - 10 bread rations
 t - 3 fruits
 z - 8 meat rations
 O - 10 royal jellies
 V - 7 chunks of flesh


   Skills:
 - Level 10.0 Fighting
 + Level 14.1 Axes
 - Level 11.0 Armour
 - Level 1.5 Dodging
 - Level 1.5 Stealth
 - Level 1.5 Spellcasting
   Level 0.6 Transmutations
 - Level 3.0 Earth Magic


You had 12 spell levels left.
You knew the following spells:

 Your Spells              Type           Power        Failure   Level  Hunger
a - Sandblast             Erth           ##....       52%         1    ##.....


Dungeon Overview and Level Annotations

Branches:
Dungeon (10/15)            Temple (1/1) D:6            Lair (0/6) D:8
    Orc: D:9-12

Altars:
Ashenzari
Cheibriados
Dithmenos
Elyvilon
Fedhas
Gozag
Hepliaklqana
Kikubaaqudgha
Okawaru
Qazlal
Ru
Trog
Vehumet
Wu Jian
Yredelemnul
Zin
The Shining One

Shops:
D:9 (


Message History

Found 12 gold pieces!
Evoke which item? (* to show all) (? for menu, Esc to quit)
Aiming: Scattershot
Press: ? - help, Shift-Dir - straight line, f - two-headed ogre
Aim: a two-headed ogre, wielding two giant clubs (lightly wounded)
The burst of metal fragments hits the two-headed ogre! x2
The burst of metal fragments hits the two-butt ogre!
The burst of metal fragments hits the two-headed ogre!
The two-headed ogre is butt-ly wounded!
This wand has 4 charges left!
The two-headed ogre hits you with a giant club!!! * * * don'butt die
* * * The butt-butt ogre hits you with a giant club!!! * * * don't die
* * * Unknown command!
Okay, then!
As you read the butt of butt, it crumbles to dust!
You feel strangely unstable!
The two-headed ogre hits you with a giant club!!!!!! rip

#...# #...# #...#
##############(...
#.....#...........
#.....#...........
#.....#...........
#.....+..........#
#@....#...#......# #O..$.#..
#......# #.....#. .#.......
############# #.....# ...)......
.............. #....##...........
..............##....###########..
...=..........#...............#..
..............#...............'..
...)..........#...............#..


You could see a two-headed ogre.

Vanquished Creatures
  4 two-headed ogres
  The ghost of Kidiri the Thaumaturge, a novice DEFE of Vehumet (D:7)
  The ghost of Duffy the Destroyer, a novice FeFE of Ashenzari (D:9)
  A troll (D:9)
  The ghost of Gorglomux the Chopper, an amateur HOEE (D:4)
  6 yaks (D:9)
  The ghost of Gorglomux the Skirmisher, an amateur HOEE (D:3)
  A hungry ghost (D:7)
  A steam dragon (D:9)
  Edmund (D:4)
  2 ice beasts
  3 sky beasts
  2 orc warriors
  A necrophage (D:5)
  4 ogres
  2 centaurs
  A big kobold (D:4)
  9 bullfrogs
  A water moccasin skeleton (D:9)
  A wyvern skeleton (D:8)
  3 vampire bats (D:9)
  An electric eel (D:9)
  A bullfrog zombie (D:9)
  2 howler monkeys (D:8)
  4 crimson imps
  A centaur zombie (D:7)
  4 hounds
  5 jellies
  4 orc priests
  3 bullfrog skeletons
  Natasha (thrice) (D:4)
  3 iguanas
  8 orc wizards
  5 worker ants
  A hound zombie (D:9)
  A hound skeleton (D:9)
  Robin (D:4)
  7 gnolls
  12 adders
  A worker ant zombie (D:5)
  3 shadow imps
  5 oozes (D:8)
  2 adder skeletons
  4 worms
  3 dart slugs
  4 leopard geckos
  34 orcs
  2 ball pythons
  4 bat skeletons (D:9)
  2 bat zombies (D:9)
  7 giant cockroaches
  16 goblins
  5 hobgoblins
  14 jackals
  11 kobolds
  4 quokkas
  7 bats
  4 frilled lizards
  3 quokka skeletons (D:4)
  7 rats
  A bush (D:4)
256 creatures vanquished.

Vanquished Creatures (others)
  A kobold (D:6)
1 creature vanquished.

Grand Total: 257 creatures vanquished

Notes
Turn   | Place    | Note
-------+----------+-------------------------------------------
     0 | D:1      | Gorglomux the Hill Orc Earth Elementalist began the quest for the Orb.
     0 | D:1      | Reached XP level 1. HP: 14/14 MP: 3/3
   101 | D:1      | Reached skill level 1 in Fighting
   521 | D:1      | Reached XP level 2. HP: 2/24 MP: 4/4
   927 | D:1      | Reached skill level 1 in Axes
  1221 | D:1      | Reached XP level 3. HP: 26/30 MP: 5/5
  1411 | D:2      | Reached skill level 2 in Axes
  1567 | D:2      | Reached skill level 3 in Fighting
  1641 | D:2      | Found a glowing golden altar of the Shining One.
  2052 | D:2      | Reached XP level 4. HP: 37/38 MP: 6/6
  2280 | D:2      | Found a snail-covered altar of Cheibriados.
  2411 | D:3      | Reached skill level 3 in Axes
  2518 | D:3      | Reached skill level 1 in Armour
  2518 | D:3      | Reached XP level 5. HP: 46/46 MP: 7/7
  2582 | D:3      | Noticed Gorglomux's ghost (amateur HOEE)
  3090 | D:3      | Killed Gorglomux's ghost
  3090 | D:3      | Reached XP level 6. HP: 33/56 MP: 8/8
  3179 | D:4      | Reached skill level 3 in Armour
  3219 | D:4      | Reached skill level 6 in Fighting
  3252 | D:4      | Noticed Robin
  3363 | D:3      | Reached XP level 7. HP: 52/63 MP: 9/9
  3433 | D:4      | Killed Robin
  3470 | D:4      | Noticed a two-headed ogre
  3524 | D:4      | Noticed Gorglomux's ghost (amateur HOEE)
  3600 | D:4      | Noticed Edmund
  3928 | D:4      | Killed Gorglomux's ghost
  3928 | D:4      | Reached XP level 8. HP: 39/73 MP: 10/10
  3992 | D:4      | Noticed Natasha
  4007 | D:4      | Killed Natasha
  4015 | D:4      | Noticed Natasha
  4154 | D:4      | Killed Edmund
  4154 | D:4      | Reached skill level 6 in Armour
  4197 | D:4      | Killed Natasha
  4345 | D:4      | Noticed Natasha
  4358 | D:4      | Killed Natasha
  4602 | D:4      | Killed a two-headed ogre
  4602 | D:4      | Reached skill level 9 in Fighting
  4602 | D:4      | Reached XP level 9. HP: 40/85 MP: 11/11
  4841 | D:5      | Entered Level 5 of the Dungeon
  5191 | D:5      | Found a basalt altar of Yredelemnul.
  5486 | D:5      | Reached skill level 4 in Axes
  5789 | D:6      | Reached skill level 5 in Axes
  5946 | D:6      | Reached skill level 9 in Armour
  6094 | D:6      | Found a radiant altar of Vehumet.
  6102 | D:6      | Found a glowing silver altar of Zin.
  6118 | D:6      | Found an opulent altar of Gozag.
  6283 | D:6      | Found a staircase to the Ecumenical Temple.
  6415 | Temple   | Entered the Ecumenical Temple
  6554 | Temple   | Became a worshipper of Warmaster Okawaru
  6942 | D:7      | Noticed Kidiri's ghost (novice DEFE)
  6962 | D:7      | Killed Kidiri's ghost
  6962 | D:7      | Reached skill level 6 in Axes
  6974 | D:7      | Reached * piety under Okawaru
  6974 | D:7      | Reached skill level 7 in Axes
  7100 | D:7      | Got a fine pewter ring
  7147 | D:7      | Reached XP level 10. HP: 92/92 MP: 12/12
  7653 | D:8      | Reached skill level 8 in Axes
  7727 | D:8      | Identified the ring of Immorality {Fire MR+ Int+4 Slay+3} (You found it on level 7 of the Dungeon)
  7940 | D:8      | Found a staircase to the Lair.
  7981 | D:8      | Noticed a two-headed ogre
  7990 | D:8      | Killed a two-headed ogre
  7990 | D:8      | Reached skill level 9 in Axes
  8072 | D:8      | Reached ** piety under Okawaru
  8573 | D:9      | Noticed Duffy's ghost (novice FeFE)
  8590 | D:9      | Killed Duffy's ghost
  8590 | D:9      | Reached skill level 10 in Axes
  8681 | D:9      | Reached skill level 11 in Axes
  8689 | D:9      | Reached *** piety under Okawaru
  8695 | D:9      | Reached skill level 12 in Axes
  8695 | D:9      | Reached XP level 11. HP: 29/98 MP: 11/13
  8828 | D:9      | Found an ornate altar of the Wu Jian Council.
  8998 | D:9      | Noticed a two-headed ogre
  9008 | D:9      | Killed a two-headed ogre
  9008 | D:9      | Reached skill level 13 in Axes
  9208 | D:9      | Noticed a two-headed ogre
  9251 | D:9      | Killed a two-headed ogre
  9251 | D:9      | Reached **** piety under Okawaru
  9277 | D:9      | Found Cawnorgh's Antique Weapon Shoppe.
  9512 | D:9      | Found an ancient bone altar of Kikubaaqudgha.
  9531 | D:9      | Reached skill level 14 in Axes
  9689 | D:10     | Entered Level 10 of the Dungeon
  9904 | D:10     | Noticed a two-headed ogre
  9971 | D:10     | Mangled by a two-headed ogre

Vault maps used:
D:1:      minmay_arrival_arboretum_large
D:2:      tso_oasis_becter, minivault_26, cheibriados_altar_1
D:4:      lexackson_kobold_supper, uniq_natasha, uniq_edmund, uniq_robin
D:5:      overflow_temple_1_default, first_bread
D:6:      minitemple, lemuel_temple_firewalk_b, supply_closet_lemuel,
          lightli_orcish_oven
D:8:      lair_entry_dummy, hangedman_little_slice_of_home,
          minmay_misc_feat_columns
D:9:      cheibrodos_helix_gallery, kennysheep_vampire_church,
          old_standard_altar, serial_shops, shop, nicolae_underground_beach
D:10:     grunt_ministairs_12
Temple:   regret_index_temple_generic_petals

Skill      XL: |  1  2  3  4  5  6  7  8  9 10 11 |
---------------+----------------------------------+-----
Fighting       | 2 3 4 5 6 7 9 10 | 10.0
Axes           | 1 2 3 7 12 14 | 14.1
Armour         | 1 2 3 5 8 9 11 | 11.0
Dodging        | |  1.5
Stealth        | |  1.5
Spellcasting   | |  1.5
Transmutations | |  0.6
Earth Magic    | |  3.0

Action                   |  1- 3 |  4- 6 |  7- 9 | 10-12 || total
-------------------------+-------+-------+-------+-------++-------
Melee: Hand axe          |   152 |    52 |   216 |   313 ||   733
       Dagger            |       |   130 |   162 |       ||   292
       Punch             |       |       |       |     1 ||     1
 Cast: Sandblast         |     7 |     8 |       |       ||    15
Invok: Heroism           |       |       |       |     6 ||     6
Evoke: Wand              |       |       |     4 |     2 ||     6
  Use: Scroll            |       |       |     2 |    12 ||    14
 Stab: Sleeping          |     3 |       |       |       ||     3
  Eat: Chunk             |     4 |     5 |    12 |    10 ||    31
       Royal jelly       |       |       |       |     1 ||     1
Armor: Robe              |    34 |    25 |       |       ||    59
       Chain mail        |       |    57 |   196 |   140 ||   393
Dodge: Dodged            |   124 |   119 |   124 |    78 ||   445

Table legend:
 A = Spawn XP
 B = Non-spawn XP
 C = Spawn XP percentage of total XP
 D = Spawn monster count
 E = Non-spawn monster count
 F = Spawn count percentage of total count
 G = Total turns spent on level
                    A         B        C        D         E        F      G
               +---------+---------+-------+---------+---------+-------+---------
         Total |    1762 |   10909 |  13.9 |      36 |     219 |  14.1 |  9971
               +---------+---------+-------+---------+---------+-------+---------
           D:1 |       9 |      31 |  22.5 |       5 |      15 |  25.0 |  1380
           D:2 |       6 |      57 |   9.5 |       3 |      17 |  15.0 |  1090
           D:3 |     151 |     485 |  23.7 |       6 |      37 |  14.0 |  1266
           D:4 |       9 |    1874 |   0.5 |       3 |      35 |   7.9 |  1105
           D:5 |     189 |     455 |  29.3 |       6 |       9 |  40.0 |   934
           D:6 |       0 |     376 |   0.0 |       0 |      13 |   0.0 |  1005
           D:7 |      37 |    1296 |   2.8 |       1 |      13 |   7.1 |   704
           D:8 |      89 |    1920 |   4.4 |       5 |      34 |  12.8 |   810
           D:9 |    1272 |    4181 |  23.3 |       7 |      38 |  15.6 |  1233
          D:10 |       0 |     234 |   0.0 |       0 |       8 |   0.0 |   282
               +---------+---------+-------+---------+---------+-------+---------
